 Dungeon Crawl Stone Soup version 0.17-a0-1435-geafbe2f (webtiles) character file.

323 hexophile the Skirmisher (level 6, -13/41 HPs)
             Began as a Gargoyle Fighter on June 26, 2015.
             Was an Initiate of Okawaru.
             Killed by divine providence
             ... invoked by an orc priest
              (14 damage)
             ... on level 4 of the Dungeon.
             The game lasted 00:07:18 (2771 turns).

hexophile the Skirmisher (Gargoyle Fighter)         Turns: 2771, Time: 00:07:18

Health: -13/41     AC: 11    Str: 21    XL:     6   Next: 47%
Magic:  6/6        EV:  7    Int:  9    God:    Okawaru [......]
Gold:   193        SH:  9    Dex:  9    Spells: 0 memorised, 5 levels left

rFire  . . .     SeeInvis .     a - +0 war axe
rCold  . . .     Clarity  .     b - +0 scale mail
rNeg   + . .     SustAt   .     c - +0 shield
rPois  ∞         Gourm    .     (no helmet)
rElec  +         Spirit   .     (no cloak)
rCorr  .         Warding  .     (no gloves)
rMut   .         Stasis   .     (no boots)
MR     .....                    (no amulet)
Stlth  ..........               (no ring)
                                (no ring)

@: not resistant to hostile enchantments, extremely unstealthy
A: negative energy resistance 1, electricity resistance, unbreathing,
petrification resistance, rot immunity, AC +4
a: Renounce Religion


You were on level 4 of the Dungeon.
You worshipped Okawaru.
Okawaru was noncommittal.
You were not hungry.

You visited 2 branches of the dungeon, and saw 5 of its levels.

You collected 193 gold pieces.

Inventory:

Hand weapons
 a - a +0 war axe (weapon)
 j - a +0 spear
Armour
 b - a +0 scale mail (worn)
 c - a +0 shield (worn)
Magical devices
 t - a wand of slowing (21)
Scrolls
 h - 4 scrolls of teleportation {unknown}
 i - a scroll of enchant armour {unknown}
 k - a scroll of enchant weapon {unknown}
 m - 3 scrolls of remove curse {unknown}
 n - 3 scrolls of identify {unknown}
 o - a scroll of magic mapping {unknown}
 p - 2 scrolls of recharging {unknown}
 q - 3 scrolls of random uselessness {unknown}
 s - a scroll of noise {unknown}
 u - a scroll of fear {unknown}
Potions
 d - a potion of might
 f - a potion of mutation {unknown}
 g - a potion of curing {unknown}
 r - a potion of lignification {unknown}
 v - a potion of cure mutation
Books
 w - a book of Party Tricks

   Spells                             Type                      Level
   a - Summon Butterflies             Summoning                    1
   b - Apportation                    Translocation                1
   c - Tukima's Dance                 Hexes                        3
   d - Alistair's Intoxication        Transmutation/Poison         4
   e - Invisibility                   Hexes                        6
Comestibles
 e - a bread ration
 l - a beef jerky


   Skills:
 * Level 5.9 Fighting
 - Level 2.2 Axes
 + Level 4.8 Armour
 + Level 4.3 Shields


You had 5 spell levels left.
You didn't know any spells.

Dungeon Overview and Level Annotations

Branches:
Dungeon (4/15)             Temple (1/1) D:4

Altars:
Ashenzari
Cheibriados
Elyvilon
Fedhas
Gozag
Makhleb
Okawaru
Ru
Sif Muna
Trog
Xom
Yredelemnul
Zin
The Shining One


Innate Abilities, Weirdness & Mutations

You are resistant to torment.
Your stone body is resilient (AC +4).
You are immune to poison.
You resist negative energy.
You are resistant to electric shocks.
You can survive without breathing.
You are immune to petrification.
You are immune to rotting.


Message History

You kill the orc!
Okawaru accepts your kill. The orc hits you but does no damage.
The orc priest's eyes start to glow.
An orc priest comes into view.
The orc priest shouts!
You slash the orc!
You kill the orc!
Okawaru accepts your kill.
The orc priest hits you but does no damage.
You slash the orc priest!
The orc priest is almost dead.
The orc priest invokes the aid of Beogh against you.
Something smites you!
* * * LOW HITPOINT WARNING * * *
You hit the orc priest but do no damage.
The orc priest is almost dead.
The orc priest mumbles some strange prayers to Beogh against you.
Something smites you!
You die...

.## .## ##....#### ...
<.# .# ##..## .. #..#
#######.## #....
........#### #
...#####...>....###..#
##.# ##..##.......o#
.# #.. #.o.####. .
#..###)o## . #..
#.)@.# ...........#
#..............#
#####..#.......
#......!... ...
....... .... .....!.
###.. .......


You could see 2 orc priests.

Vanquished Creatures
  The ghost of hexophile the Firebug, an average NaFE (D:3)
  An ogre (D:4)
  5 adders
  A gnoll (D:3)
  4 worms
  6 giant geckos
  6 orcs
  6 giant cockroaches
  11 goblins
  10 hobgoblins
  6 jackals (D:1)
  A quokka (D:3)
  A ball python (D:2)
  13 bats
  3 giant newts
  4 kobolds
  10 rats
89 creatures vanquished.

Notes
Turn   | Place    | Note
--------------------------------------------------------------
     0 | D:1      | hexophile the Gargoyle Fighter began the quest for the Orb.
     0 | D:1      | Reached XP level 1. HP: 14/14 MP: 1/1
   231 | D:1      | Reached XP level 2. HP: 10/19 MP: 2/2
   622 | D:1      | Reached XP level 3. HP: 21/24 MP: 3/3
   717 | D:2      | Reached skill level 4 in Fighting
   942 | D:2      | Reached XP level 4. HP: 24/29 MP: 4/4
  1049 | D:2      | Found a white marble altar of Elyvilon.
  1574 | D:3      | Noticed hexophile's ghost (average NaFE)
  1586 | D:3      | Killed hexophile's ghost
  1586 | D:3      | Reached skill level 5 in Fighting
  1586 | D:3      | Reached XP level 5. HP: 16/35 MP: 5/5
  2002 | D:3      | Found a snail-covered altar of Cheibriados.
  2122 | D:3      | Reached XP level 6. HP: 30/40 MP: 6/6
  2571 | D:4      | Found a staircase to the Ecumenical Temple.
  2595 | Temple   | Entered the Ecumenical Temple
  2731 | Temple   | Became a worshipper of Warmaster Okawaru
  2770 | D:4      | HP: 1/41 [orc priest/divine providence (12)]
  2771 | D:4      | Killed from afar by an orc priest

Vault maps used:
D:1:      lemuel_arrival_room
D:2:      elyvilon_altar_1, first_bread, minmay_joined_circles
D:3:      cheibriados_altar_wand_db
D:4:      kennysheep_mini_moat, temple_pool_b, tgw_sif
Temple:   circular_temple_12

Action                   |  1- 3 |  4- 6 || total
-------------------------+-------+-------++-------
Melee: War axe           |   123 |   180 ||   303
       Spear             |     7 |       ||     7
  Use: Scroll            |     1 |       ||     1
       Potion            |       |     1 ||     1
  Eat: Chunk             |       |     2 ||     2
       Bread ration      |       |     1 ||     1
